 Dungeon Crawl Stone Soup version 0.30.1-9-gdf580d7c3d (webtiles) character file.

Game seed: 18256772089173408007

35205 Chiseanne the Fighter (level 13, 0/109 HPs)
             Began as a Demonspawn Wanderer on Oct 4, 2023.
             Was an Initiate of Gozag.
             Killed by divine providence
             ... invoked by a meliai
              (10 damage)
             ... on level 15 of the Dungeon.
             The game lasted 00:56:25 (16884 turns).

Chiseanne the Fighter (Demonspawn Wanderer)        Turns: 16884, Time: 00:56:25

Health: 0/109      AC: 27    Str: 12    XL:     13   Next: 46%
Magic:  22/22      EV: 31    Int: 15    God:    Gozag
Gold:   814        SH:  8    Dex: 17    Spells: 12/12 levels left

rFire   + . .        s - +2 short sword (venom)
rCold   + + .        U - +1 buckler {rC+ rF+}
rNeg    + . .        q - +3 ring mail {rC+}
rPois   +            i - +2 helmet
rElec   .            X - +2 cloak {rPois}
rCorr   .            E - +2 pair of gloves
SInv    .            W - +2 pair of boots {Fly}
Will    .....        S - amulet of the acrobat
Stlth   ++           p - ring of magical power
HPRegen 0.38/turn    H - ring of positive energy
MPRegen 0.18/turn

%: acrobat
@: acrobatic, flying
A: molten scales 2, demonic guardian 3, powered by death 1
a: Renounce Religion, Potion Petition, Call Merchant, Bribe Branch


You were on level 15 of the Dungeon.
You worshipped Gozag.
Gozag was pleased with you.
You visited 2 branches of the dungeon, and saw 16 of its levels.
You also visited: Sewer.

You collected 3182 gold pieces.
You spent 1575 gold pieces at shops.
You paid 793 gold pieces to Gozag.

Inventory:

Hand Weapons
 a - a +4 scimitar of flaming
 c - a +3 scimitar of electrocution
 f - a +0 broad axe
 s - a +2 short sword of venom (weapon)
 v - the +7 whip of Growth {heavy, rElec Will+ Str-4 Dex+2}
   (You found it on level 14 of the Dungeon)

   Str:       It affects your strength (-4).
   Dex:       It affects your dexterity (+2).
   rElec:     It insulates you from electricity.
   Will:      It increases your willpower.
 C - a +4 short sword
 K - a +4 trident
 L - a +4 morningstar
Missiles
 l - 137 stones
 n - 9 boomerangs
 u - 2 throwing nets
 A - 9 poisoned darts (quivered)
 F - 5 datura-tipped darts
 N - 4 curare-tipped darts
Armour
 i - a +2 helmet (worn)
 q - a +3 ring mail of cold resistance (worn)
 E - a +2 pair of gloves (worn)
 G - a +2 ring mail of positive energy
 U - a +1 buckler of resistance (worn)
 W - a +2 pair of boots of flying (worn)
 X - a +2 cloak of poison resistance (worn)
Jewellery
 j - a ring of protection from cold
 p - a ring of magical power (left hand)
 y - a ring of flight
 H - a ring of positive energy (right hand)
 S - an amulet of the acrobat (around neck)
Wands
 e - a wand of digging (3)
 h - a wand of mindburst (7)
 I - a wand of flame (38)
 M - a wand of polymorph (3)
 P - a wand of charming (2)
Scrolls
 d - 2 scrolls of blinking
 k - 4 scrolls of teleportation
 x - 3 scrolls of immolation
 J - 2 scrolls of butterflies
 O - a scroll of magic mapping
 Q - 3 scrolls of fear
 V - a scroll of identify
Potions
 b - 5 potions of lignification
 g - 5 potions of cancellation
 m - 3 potions of heal wounds
 o - 5 potions of curing
 r - a potion of might
 t - a potion of berserk rage
 z - 5 potions of mutation
 B - a potion of flight
 D - a potion of invisibility
 R - a potion of resistance
Miscellaneous
 w - a tin of tremorstones (1/2)


   Skills:
 * Level 12.8 Fighting
 - Level 2.6 Long Blades
 * Level 11.3 Armour
 - Level 12.1 Dodging
 - Level 2.6 Stealth
 * Level 11.2 Shields
 - Level 1.7 Unarmed Combat


You had 12 spell levels left.
You didn't know any spells.
Your spell library contained the following spells:

 Spells                   Type           Power      Damage    Failure   Level
 Scorch                   Fire           0%         2d5       67%         2
 Sublimation of Blood     Necr           0%         N/A       67%         2
 Stone Arrow              Conj/Erth      0%         3d7       88%         3
 Animate Armour           Summ/Erth      0%         N/A       99%         4
 Flame Wave               Conj/Fire      0%         2d4       99%         4
 Petrify                  Tmut/Erth      0%         N/A       99%         4
 Irradiate                Conj/Tmut      0%         3d11      100%        5
 Summon Cactus Giant      Summ           0%         N/A       100%        6
 Lehudib's Crystal Spear  Conj/Erth      0%         10d2      100%        8


Dungeon Overview and Level Annotations

Branches:
Dungeon (15/15)            Temple (1/1) D:5            Lair (0/5) D:8
    Orc (0/2) D:11         Vaults (0/5) D:13          Sewer (visited)
 Depths: D:15

Altars:
Ashenzari
Cheibriados
Dithmenos
Fedhas
Gozag
Hepliaklqana
Kikubaaqudgha
Nemelex Xobeh
Okawaru
Qazlal
Ru
Sif Muna
Trog
Uskayaw
Vehumet
Wu Jian
Xom
Yredelemnul
Lugonu

Shops:
D:2 [   D:3 [   D:13 [

Portals:
Trove: D:12 (give 4 potions of resistance)

Annotations:
D:9 3 runed translucent doors, Tux's ghost, novice DrVM
D:12 1 runed translucent door, Vurudubi's ghost, journeyman MfBe


Innate Abilities, Weirdness & Mutations

You are mostly covered in molten scales. (AC +3)
A powerful demonic guardian rushes to your aid.
You regenerate a little health from kills.


Message History

You closely miss the meliai.
A meliai comes into view. It is wielding a +0 hand axe.
The meliai completely misses you. The meliai barely misses you.
The meliai completely misses you.
The meliai stings you but does no damage.
Your soul eater barely misses the death knight.
The death knight barely misses your soul eater.
You barely miss the meliai. The meliai hits you but does no damage.
The meliai misses you. You block the meliai's attack. x2
Your soul eater hits the death knight!
The death knight barely misses your soul eater.
You hit the meliai.
The meliai is lightly wounded.
The meliai closely misses you. The meliai misses you.
The meliai hits you but does no damage.
The meliai stings you but does no damage.
Your soul eater hits the death knight!
The death knight hits your soul eater with a +3 battleaxe of electrocution!!
Lightning courses through your soul eater!!
Your soul eater dies!
Your soul eater disappears in a puff of smoke!
The death knight shouts!
The meliai attacks as you move away! You block the meliai's attack.
The meliai stings you.
* * * LOW HITPOINT WARNING * * *
A meliai comes into view. It is wielding a +0 hand axe.
The meliai buzzes angrily.
The meliai calls upon its god to heal the meliai.
The meliai's wounds heal themselves!
The meliai completely misses you. x2
The meliai mumbles some strange prayers to its god against you.
Something smites you!
* * * LOW HITPOINT WARNING * * *
You block the death knight's attack.
The meliai mumbles some strange prayers to its god against you.
Something smites you!
* * * LOW HITPOINT WARNING * * *
The meliai mumbles some strange prayers to its god against you.
Something smites you!
You die...
Your body crumbles into a pile of gold.

# ..#####.##.#
##.## #.##.#
..... #.##.#
..... #.##.#
..... ..##.#
#####
####.###.#.#
#.......# ...
..######.###.#.#
###
#.....y@.p...#
#E######y#####
#.# . #y# . e..
.#.## ..... .#
### ..


You could see a death knight (very poisoned), a fire elemental (summoned,
wandering) and 3 meliai.

Vanquished Creatures
  7 vault guards (D:13)
  4 two-headed ogres
  2 boulder beetles
  2 centaur warriors (D:15)
  2 tengu warriors (D:13)
  Nergalle (D:11)
  The ghost of kalagan the Thaumaturge, a novice DECj of Sif Muna (D:10)
  A deep elf pyromancer (D:12)
  Pikel (D:9)
  A wolf spider (D:10)
  2 manticores
  5 cyclopes
  An ugly thing (D:13)
  A moth of wrath (D:10)
  A kobold demonologist (D:13)
  3 komodo dragons
  2 efreet (D:13)
  A tengu conjurer (D:13)
  A queen bee (shapeshifter) (D:15)
  2 trolls
  2 hornets
  A raiju (shapeshifter) (D:14)
  6 slime creatures (D:14)
  A wraith (D:12)
  11 yaks
  4 wyverns
  2 water elementals (D:12)
  3 hogs (D:14)
  3 basilisks
  A golden eye (shapeshifter) (D:14)
  A steam dragon (D:12)
  6 vampire mosquitoes
  An acid dragon (D:11)
  2 water moccasins
  3 orc warriors
  An ice beast (D:7)
  2 sky beasts (D:12)
  2 black bears (D:6)
  9 centaurs
  5 kobold brigands
  Blork the orc (D:6)
  2 bullfrogs
  2 scorpions
  7 wights
  6 electric eels (D:12)
  2 hounds
  2 sleepcaps
  4 gnoll boudas
  An iguana (D:5)
  17 orc wizards
  Robin (D:3)
  9 adders
  13 gnolls
  A river rat (Sewer)
  3 shadow imps
  A white imp (D:7)
  6 worms
  2 dart slugs
  31 orcs
  6 endoplasms
  8 giant cockroaches
  22 goblins
  12 hobgoblins
  4 jackals
  6 quokkas
  14 ball pythons
  7 bats
  5 frilled lizards
  18 kobolds
  6 rats
326 creatures vanquished.

Vanquished Creatures (collateral kills)
  Kirke (D:14)
  A vault guard (D:13)
  A boulder beetle (D:15)
  A two-headed ogre (D:10)
  2 ugly things
  A cyclops (D:12)
  A gargoyle (D:13)
  4 slime creatures (D:13)
  A water elemental (D:12)
  A wraith (D:10)
  5 yaks
  A wyvern (D:8)
  A vampire (D:13)
  A hog (D:14)
  A steam dragon (D:12)
  2 water moccasins (D:8)
  A sky beast (D:12)
  A centaur (D:10)
  A scorpion (D:5)
  An orc priest (D:3)
  An iguana (D:2)
  An orc wizard (D:3)
  3 gnolls
  An orc (D:3)
  A frilled lizard (D:3)
36 creatures vanquished.

Vanquished Creatures (others)
  A yak (D:10)
  2 orc wizards (D:11)
3 creatures vanquished.

Grand Total: 365 creatures vanquished

Notes
Turn   | Place    | Note
-------+----------+-------------------------------------------
     0 | D:1      | Chiseanne the Demonspawn Wanderer began the quest for the
                  | Orb.
     0 | D:1      | Chiseanne set off with the following items: a +2 falchion,
                  | a potion of lignification, a +0 cloak, a scroll of
                  | blinking, a +0 robe.
     0 | D:1      | Reached XP level 1. HP: 13/13 MP: 1/1
   232 | D:1      | Reached skill level 1 in Fighting
   311 | D:1      | Gained mutation: A weak demonic guardian rushes to your
                  | aid. [demonic ancestry]
   311 | D:1      | Reached XP level 2. HP: 21/21 MP: 2/2
   693 | D:2      | Found a faded altar of an unknown god.
   802 | D:2      | Found a shimmering blue altar of Sif Muna.
   853 | D:2      | Gained mutation: A demonic guardian rushes to your aid.
                  | [demonic ancestry]
   853 | D:2      | Reached XP level 3. HP: 24/27 MP: 3/3
  1128 | D:2      | Reached XP level 4. HP: 8/34 MP: 4/4
  1464 | D:2      | Found Urghisko's Antique Armour Boutique.
  1952 | D:3      | Gained mutation: You are partially covered in molten
                  | scales. (AC +2) [demonic ancestry]
  1952 | D:3      | Reached XP level 5. HP: 37/41 MP: 5/5
  2016 | D:3      | Noticed Robin
  2044 | D:3      | Killed Robin
  2181 | D:3      | Found Buschymi's Armour Boutique.
  2239 | D:3      | Reached skill level 1 in Shields
  2368 | D:3      | Gained mutation: A powerful demonic guardian rushes to your
                  | aid. [demonic ancestry]
  2368 | D:3      | Reached XP level 6. HP: 48/48 MP: 6/6
  2446 | D:3      | Noticed a +0 dagger
  2446 | D:3      | Noticed a +0 hand axe
  2450 | D:3      | Found a hide-covered altar of Uskayaw.
  2624 | D:4      | Found a stormy altar of Qazlal.
  2625 | D:4      | Found an ancient bone altar of Kikubaaqudgha.
  2627 | D:4      | Found a snail-covered altar of Cheibriados.
  2816 | D:4      | Found a glowing drain.
  2824 | Sewer    | Entered a sewer
  3077 | Sewer    | Reached XP level 7. HP: 55/55 MP: 7/7
  3235 | Sewer    | Reached skill level 5 in Fighting
  3461 | D:5      | Entered Level 5 of the Dungeon
  3924 | D:5      | Found an iron altar of Okawaru.
  4073 | D:5      | Found a staircase to the Ecumenical Temple.
  4144 | Temple   | Entered the Ecumenical Temple
  4159 | Temple   | Became a worshipper of Gozag Ym Sagoz the Greedy
  4215 | D:5      | Found a broken altar of Ashenzari.
  4240 | D:5      | Reached XP level 8. HP: 63/63 MP: 8/8
  4709 | D:6      | Found a shimmering blue altar of Sif Muna.
  4811 | D:2      | Bought a shimmering scale mail for 234 gold pieces
  4811 | D:2      | Identified the +0 scale mail of Xanoss {Harm Will+ Dex+2}
                  | (You bought it in a shop on level 2 of the Dungeon)
  4958 | D:6      | Noticed Blork the orc
  4968 | D:6      | Killed Blork the orc
  4976 | D:6      | Noticed a hornet
  4985 | D:6      | Killed a hornet
  5103 | D:2      | Bought a pair of glowing gloves for 195 gold pieces
  5277 | D:6      | Reached skill level 5 in Armour
  5310 | D:6      | Reached skill level 5 in Shields
  5673 | D:7      | Noticed a two-headed ogre
  5838 | D:7      | Reached XP level 9. HP: 72/72 MP: 9/9
  6046 | D:7      | Killed a two-headed ogre
  6873 | D:8      | Gained mutation: You regenerate a little health from kills.
                  | [demonic ancestry]
  6873 | D:8      | Reached XP level 10. HP: 60/82 MP: 10/10
  6993 | D:8      | Found a staircase to the Lair.
  7202 | D:8      | Found a basalt altar of Yredelemnul.
  7751 | D:9      | Noticed Pikel
  7757 | D:9      | Killed Pikel
  7824 | D:9      | Noticed a spectral centaur warrior
  7824 | D:9      | Noticed a spectral centaur warrior
  7825 | D:9      | Found a runed translucent gate.
  7825 | D:9      | Found a runed translucent gate.
  7825 | D:9      | Found a runed translucent gate.
  7825 | D:9      | Noticed Tux's ghost (novice DrVM)
  7827 | D:9      | Noticed a spectral centaur warrior
  7829 | D:9      | Noticed a spectral centaur warrior
  8458 | D:10     | Entered Level 10 of the Dungeon
  9088 | D:10     | Noticed a two-headed ogre
  9118 | D:10     | Killed a two-headed ogre
  9119 | D:10     | Reached skill level 10 in Fighting
  9131 | D:10     | Found a large runed translucent door.
  9131 | D:10     | Found a large runed translucent door.
  9150 | D:10     | Noticed a two-headed ogre
  9164 | D:10     | Killed a two-headed ogre
  9165 | D:10     | Gained mutation: You are mostly covered in molten scales.
                  | (AC +3) [demonic ancestry]
  9165 | D:10     | Reached XP level 11. HP: 40/91 MP: 11/11
  9492 | D:10     | Noticed a wolf spider
  9493 | D:10     | Noticed kalagan's ghost (novice DECj)
  9575 | D:10     | Found a transporter.
  9648 | D:10     | Found a transporter.
  9729 | D:10     | Found a shadowy altar of Dithmenos.
  9741 | D:10     | Found a bloodstained altar of Trog.
  9741 | D:10     | Noticed a two-headed ogre
  9751 | D:10     | Killed a two-headed ogre
  9890 | D:10     | Killed a wolf spider
  9901 | D:10     | Killed kalagan's ghost
 10103 | D:11     | Noticed a brown ugly thing
 10121 | D:11     | Killed a brown ugly thing
 10404 | D:11     | Found a staircase to the Orcish Mines.
 10491 | D:11     | Noticed Nergalle
 10508 | D:11     | Killed Nergalle
 11051 | D:12     | Reached skill level 10 in Armour
 11141 | D:12     | Noticed a deep elf pyromancer
 11179 | D:12     | Noticed a boulder beetle
 11213 | D:12     | Killed a boulder beetle
 11214 | D:12     | Reached skill level 10 in Shields
 11441 | D:12     | Noticed a cyan ugly thing
 11454 | D:12     | Killed a cyan ugly thing
 11455 | D:12     | Reached XP level 12. HP: 51/100 MP: 12/12
 11874 | D:12     | Found a portal to a secret trove of treasure.
 12444 | D:12     | Found a runed translucent door.
 12445 | D:12     | Found a shimmering altar of Xom.
 12445 | D:12     | Noticed Vurudubi's ghost (journeyman MfBe)
 12962 | D:13     | Bought a +1 buckler of resistance for 547 gold pieces
 12962 | D:13     | Bought a +2 pair of boots of flying for 322 gold pieces
 12962 | D:13     | Bought a +2 cloak of poison resistance for 277 gold pieces
 13352 | D:13     | Reached skill level 5 in Dodging
 13603 | D:13     | Noticed a two-headed ogre
 13612 | D:13     | Killed a two-headed ogre
 13885 | D:13     | Found a gate to the Vaults.
 13885 | D:13     | Noticed a vault guard
 13885 | D:13     | Noticed a vault guard
 13885 | D:13     | Noticed a vault guard
 13885 | D:13     | Noticed a vault guard
 13885 | D:13     | Noticed a vault guard
 13904 | D:13     | Killed a vault guard
 13913 | D:13     | Killed a vault guard
 13917 | D:13     | Killed a vault guard
 13934 | D:13     | Killed a vault guard
 14108 | D:13     | Noticed a tengu warrior
 14141 | D:13     | Killed a tengu warrior
 14142 | D:13     | Reached skill level 10 in Dodging
 14146 | D:13     | Noticed a vault guard
 14382 | D:13     | Noticed a vault guard
 14405 | D:13     | Killed a vault guard
 14506 | D:13     | Killed a vault guard
 14536 | D:13     | Noticed a vault guard
 14563 | D:13     | Killed a vault guard
 14722 | D:13     | Noticed a tengu warrior
 14746 | D:13     | Killed a tengu warrior
 14747 | D:13     | Reached XP level 13. HP: 101/108 MP: 13/13
 15231 | D:13     | Found a snail-covered altar of Cheibriados.
 15513 | D:14     | Identified the +7 whip of Growth {heavy, rElec Will+ Str-4
                  | Dex+2}
 15935 | D:14     | Identified the +7 arbalest of Ashenzari's Delight {flame,
                  | rF++}
 16184 | D:14     | Noticed Kirke
 16205 | D:14     | Killed Kirke
 16465 | D:15     | Entered Level 15 of the Dungeon
 16884 | D:15     | Killed from afar by a meliai

Illustrated notes

Levels and vault maps discovered:
D:1:      mrwooster_arrival_statue_2, layout_basic, minmay_split_cup_small
D:2:      layout_basic, serial_forest, infiniplex_forest_straight_2,
          infiniplex_forest_clump_double, infiniplex_forest_lined_1,
          infiniplex_forest_lined_2, infiniplex_forest_end_double,
          nicolae_ecumenical_pavilion, serial_shops, nicolae_shop_dealshenge,
          basic_altar, hangedman_decor_push, grunt_ministairs_13,
          serial_bayou_pond_b, minmay_divided_ellipse
D:3:      kennysheep_goblin_castle, layout_basic, mainiacjoe_overflow_alcove_4,
          dancing_weapons_uskayaw, serial_shops, nicolae_shop_scrapyard,
          uniq_ijyb
D:4:      layout_loops_ring, chequers_temple_overflow_statue_of_worship,
          gup_sewer_entry_bubbles, minmay_goblin_outpost
D:5:      layout_rooms, mainiacjoe_overflow_paths,
          mainiacjoe_overflow_small_starburst, temple_green
D:6:      layout_cave_pools, mainiacjoe_overflow_brackets,
          nicolae_elevator_lobby_plus, uniq_blork_the_orc
D:7:      layout_basic, elyvilon_altar_5
D:8:      layout_rooms, mainiacjoe_overflow_alcove_1, minmay_lair_entry_grove,
          minmay_misc_feat_square, st_stairs_11
D:9:      layout_basic, gammafunk_ghost_necromancy, uniq_pikel
D:10:     minmay_general_purpose_star, layout_cross, jmf_multi_god_temple2,
          gammafunk_ghost_berserking_beasts
D:11:     layout_cave_pools, orc_0_dummy, uniq_nergalle
D:12:     layout_basic, ebering_ghost_xom, nicolae_trove_entry_crossroad,
          hangedman_misty_isle
D:13:     layout_roguey, erik_vaults_2, serial_co_window_serial,
          co_window_of_opportunity_a, co_window_corner_a, co_window_paths_b,
          co_window_paths_a, co_window_corner_a, co_window_2corner,
          co_window_unsneaky_path_e, co_window_corner_b, co_window_4corner_b,
          roderic_serpentine_path, cheibriados_altar_1
D:14:     layout_cave_pools, chequers_avenue, uniq_kirke
D:15:     grunt_enter_depths_hoard, layout_basic, portal_ice_cave_entry_dragon,
          serial_shops, bzr_entry_water, minivault_25
Temple:   corrupted_temple

Skill      XL: |  1  2  3  4  5  6  7  8  9 10 11 12 13 |
---------------+----------------------------------------+-----
Fighting       | 1 2 3 4 5 7 8 10 11 12 | 12.8
Dodging        | 2 3 12 | 12.1
Shields        | 1 2 3 5 6 8 10 11 | 11.2
Armour         | 2 3 5 7 8 10 11 | 11.3
Long Blades    | |  2.6
Stealth        | |  2.6
Unarmed Combat | |  1.7

Action                     |  1- 3 |  4- 6 |  7- 9 | 10-12 | 13-15 || total
---------------------------+-------+-------+-------+-------+-------++-------
  Melee: Falchion          |    92 |    96 |       |       |       ||   188
         Punch             |     1 |       |       |       |       ||     1
         Dagger            |       |   190 |   439 |   116 |       ||   745
         Short sword       |       |       |     9 |   113 |    23 ||   145
         Scimitar          |       |       |       |   407 |   155 ||   562
         Unarmed           |       |       |       |       |    12 ||    12
  Throw: Boomerang         |       |    14 |    11 |     5 |       ||    30
         Stone             |       |     1 |       |       |       ||     1
         Dart              |       |       |    36 |    52 |     9 ||    97
         Throwing net      |       |       |       |     1 |       ||     1
 Invoke: Call Merchant     |       |       |       |     1 |       ||     1
  Evoke: Wand              |       |       |     3 |    37 |     1 ||    41
         Tin of tremorston |       |       |       |       |     1 ||     1
    Use: Scroll            |     4 |     6 |     7 |    11 |     1 ||    29
         Potion            |       |       |     1 |    11 |     1 ||    13
   Stab: Sleeping          |     3 |       |       |     2 |     1 ||     6
         Invisible         |       |       |       |     5 |       ||     5
         Distracted        |       |       |       |       |     2 ||     2
 Armour: Robe              |    11 |       |       |       |       ||    11
         Ring mail         |    35 |   140 |   258 |   375 |   128 ||   936
  Dodge: Dodged            |    67 |   160 |   235 |   352 |   251 ||  1065
  Block: Buckler           |       |    15 |    72 |   191 |   125 ||   403
